 Dungeon Crawl Stone Soup version 0.29.1-15-g9cfb28693d (webtiles) character file.

Game seed: 18053046841178998153

26 BattleRest the Slasher (level 3, 0/30 HPs)
             Began as a Djinni Cinder Acolyte on Mar 1, 2023.
             Was a High Priest of Ignis.
             Slain by Terence
             ... wielding a +0 mace
              (4 damage)
             ... on level 2 of the Dungeon.
             The game lasted 00:06:06 (1762 turns).

BattleRest the Slasher (Djinni Cinder Acolyte)      Turns: 1762, Time: 00:06:07

Health: 0/30       AC: 14    Str: 15    XL:     3   Next: 22%
Gold:   21         EV:  0    Int: 15    God:    Ignis [*****.] SH:  3 Dex:  8

rFire   + + +      SeeInvis .   a - -1 falchion (flame)
rCold   x . .      Faith    .   d - +0 buckler
rNeg    . . .      Spirit   .   g - +0 crystal plate armour
rPois   ∞          Reflect  .   (no helmet)
rElec   .          Harm     .   (no cloak)
rCorr   .          Rampage  .   (no gloves)
Will    .....                   (boots unavailable)
Stlth   ..........              (no amulet)
HPRegen 0.10/turn               (no ring)
MPRegen 0.00/turn               (no ring)

@: flying
A: sickness immunity, fire resistance 2, cold vulnerability 1, float, innate
caster, HP casting, extra vitality 1
a: Renounce Religion, Fiery Armour, Foxfire Swarm, Rising Flame


You were on level 2 of the Dungeon.
You worshipped Ignis.
Ignis was extremely pleased with you.
You visited 1 branch of the dungeon, and saw 2 of its levels.

You collected 21 gold pieces.

Inventory:

Hand Weapons
 a - a -1 falchion of flaming (weapon)
 e - a +2 dagger of draining
Missiles
 i - a throwing net
Armour
 b - a +0 robe
 d - a +0 buckler (worn)
 g - a +0 crystal plate armour (worn)
Scrolls
 h - a scroll of blinking {unknown}
 j - a scroll of teleportation {unknown}
 k - a scroll of torment {unknown}
Potions
 c - a potion of ambrosia {unknown}
 f - a potion of flight {unknown}


   Skills:
 + Level 3.1 Fighting
 + Level 3.2 Long Blades
 + Level 0.5 Armour
 - Level 0.1 Dodging
 + Level 0.4 Shields
 + Level 2.5 Spellcasting


You had 4 spell levels left.
You knew the following spells:

 Your Spells              Type           Power      Damage    Failure   Level
a - Scorch                Fire           18%        2d5       100%        2
b - Freeze                Ice            36%        1d6       100%        1
Your spell library was empty.


Dungeon Overview and Level Annotations

Branches:
Dungeon (2/15)

Altars:

Annotations:
D:2 Terence


Innate Abilities, Weirdness & Mutations

You are immune to sickness and miasma.
You are immune to poison.
Your flesh is very heat resistant. (rF++)
You are vulnerable to cold. (rC-)
You float through the air rather than walking.
You learn spells naturally, not from books.
Your magical power is your life essence.
You have superior vitality. (+4 MHP)


Message History

You hit Terence but do no damage. Terence hits you but does no damage.
You hit Terence but do no damage. Terence hits you but does no damage.
You hit Terence but do no damage. Terence hits you with a +0 mace.
Terence hits you but does no damage.
You hit Terence but do no damage. Terence hits you but does no damage.
You hit Terence but do no damage. Terence hits you with a +0 mace.
You completely miss Terence. You block Terence's attack.
Casting: Freeze (safe; 100% risk of failure)
Confirm with . or Enter, or press ? or * to list all spells.
It is impossible to cast this spell (100% risk of failure)!
Unknown command.
You hit Terence but do no damage. Terence hits you but does no damage.
You hit Terence but do no damage. Terence hits you with a +0 mace.
You hit Terence. You burn Terence.
Terence is lightly wounded.
Terence hits you with a +0 mace. You block Terence's attack.
You hit Terence but do no damage.
Terence is lightly wounded.
Terence hits you but does no damage.
You hit Terence but do no damage.
Terence is lightly wounded.
You block Terence's attack.
You barely miss Terence.
Terence is lightly wounded.
Terence hits you but does no damage.
You hit Terence but do no damage.
Terence is lightly wounded.
Terence hits you with a +0 mace.
You closely miss Terence.
Terence is lightly wounded.
Terence hits you but does no damage.
You barely miss Terence.
Terence is lightly wounded.
Terence hits you but does no damage.
You hit Terence but do no damage.
Terence is lightly wounded.
Terence hits you with a +0 mace!
* * * LOW HITPOINT WARNING * * *
Terence hits you with a +0 mace.
You die...

######...####
.............
#.<.# # ##.##
.## #.# #.# #.#
#.# #.# #.###.#
#.# #..@.# #.#
##@#.#########.#
#.#...........#
#.#############
#. .. .# .


You could see Terence.

Vanquished Creatures
  A dart slug (D:1)
  3 endoplasms (D:1)
  3 giant cockroaches (D:1)
  A goblin (D:1)
  2 hobgoblins (D:1)
  2 jackals (D:1)
  2 kobolds (D:1)
  3 ball pythons (D:1)
  4 bats
  A rat (D:1)
22 creatures vanquished.

Vanquished Creatures (others)
  A foxfire (D:1)
  A plant (D:1)
2 creatures vanquished.

Grand Total: 24 creatures vanquished

Notes
Turn   | Place    | Note
-------+----------+-------------------------------------------
     0 | D:1      | BattleRest the Djinni Cinder Acolyte began the quest for
                  | the Orb.
     0 | D:1      | BattleRest set off with the following spells memorised:
                  | Scorch.
     0 | D:1      | Reached XP level 1. HP: 20/20 MP: 0/0
   128 | D:1      | Reached XP level 2. HP: 8/25 MP: 0/0
  1165 | D:1      | Reached XP level 3. HP: 30/30 MP: 0/0
  1165 | D:1      | Learned a level 1 spell: Freeze
  1740 | D:2      | Noticed Terence
  1762 | D:2      | Slain by Terence

Illustrated notes

Levels and vault maps discovered:
D:1:      tarquinn_simple_flora_water_d, layout_loops_ring, minmay_ruptured
D:2:      layout_loops_ring, serial_shops, nicolae_shop_trees,
          serial_bayou_pond_e, skrybe_limestone_x, uniq_terence

Skill      XL: |  1 |
---------------+----+-----
Long Blades    | 3 |  3.2
Fighting       | |  3.1
Armour         | |  0.5
Dodging        | |  0.1
Shields        | |  0.4
Spellcasting   | |  2.5

Action                   || total
-------------------------++-------
Melee: Falchion          ||    95
Invok: Foxfire Swarm     ||     1
       Fiery Armour      ||     1
Armor: Robe              ||    17
       Crystal plate arm ||    37
Dodge: Dodged            ||    43
Block: Buckler           ||    10
